 Dungeon Crawl Stone Soup version 0.30-a0-241-g1121274140 (webtiles) character file.

Game seed: 8921338277628563785

91 qw the Chopper (level 4, -2/28 HPs)
             Began as a Gargoyle Fighter on Oct 10, 2022.
             Slain by a gnoll
             ... wielding a +0 halberd
             ... led by a gnoll bouda
              (5 damage)
             ... on level 4 of the Dungeon.
             The game lasted 00:01:10 (2403 turns).

qw the Chopper (Gargoyle Fighter)                   Turns: 2403, Time: 00:01:10

Health: -2/28      AC: 11    Str: 20 (21) XL:     4   Next: 57%
Magic:  4/4        EV:  9    Int:  7 (9)  God:
Gold:   144        SH:  4    Dex:  7 (9)  Spells: 3/3 levels left

rFire   . . .      SeeInvis .    Y - +0 war axe
rCold   . . .      Faith    .    c - +0 buckler
rNeg    + + .      Spirit   .    b - +0 scale mail
rPois   inf        Reflect  .    (no helmet)
rElec   +          Harm     .    (no cloak)
rCorr   .          Rampage  .    (no gloves)
Will    .....                    m - +0 pair of boots
Stlth   ..........               (no amulet)
HPRegen 0.24/turn                e - ring of positive energy
MPRegen 0.09/turn                (no ring)

@: no status effects
A: sickness immunity, AC +3, negative energy resistance 1, electricity
resistance, torment resistance 1, petrification resistance
a: no special abilities


You were on level 4 of the Dungeon.
You visited 1 branch of the dungeon, and saw 4 of its levels.

You collected 144 gold pieces.


Innate Abilities, Weirdness & Mutations

You are immune to sickness and miasma.
Your stone body is resilient. (AC +3)
You are immune to poison.
You resist negative energy. (rN+)
You are resistant to electric shocks. (rElec)
You are resistant to unholy torment.
You are immune to petrification.


   Skills:
 - Level 3.2 Fighting
 + Level 4.2 Axes
 - Level 3.2 Armour
 - Level 3.2 Shields


You had 3 spell levels left.
You didn't know any spells.
Your spell library was empty.

Inventory:

Hand Weapons
 i - the +7 mace "Zaxkoz" {flame, rElec rF+ Str-5}
   (You found it on level 2 of the Dungeon)

   It burns those it strikes, dealing additional fire damage.
   Str:       It affects your strength (-5).
   rF:        It protects you from fire.
   rElec:     It insulates you from electricity.
 n - a +2 mace of protection
 Y - a +0 war axe (weapon)
Missiles
 q - 3 boomerangs (quivered)
Armour
 b - a +0 scale mail (worn)
 c - a +0 buckler (worn)
 m - a +0 pair of boots (worn)
Jewellery
 e - a ring of positive energy (left hand)
Scrolls
 a - a scroll of identify
 h - 2 scrolls of teleportation
Potions
 d - a potion of might
 f - a potion of attraction {unknown}
 g - a potion of heal wounds {unknown}
 j - a potion of berserk rage {unknown}
 k - a potion of mutation {unknown}
 o - a potion of lignification {unknown}
 p - a potion of brilliance {unknown}
 r - a potion of haste

Dungeon Overview and Level Annotations

Branches:
Dungeon (4/15)
 Temple: D:4-7

Altars:
Ashenzari
Makhleb
Yredelemnul

Annotations:
D:3 1 runed translucent door


Message History

The endoplasm barely misses you.
You hit the endoplasm.
The endoplasm is severely wounded.
The endoplasm barely misses you.
You hit the endoplasm.
You kill the endoplasm!
You start resting.
You feel yourself slow down.
HP restored.
A gnoll comes into view. It is wielding a +0 club.
Found 15 gold pieces.
Throw: 3 boomerangs
Press: ? - help, Q - select action Shift-Dir - straight line, f - gnoll You throw a boomerang.
The boomerang hits the gnoll.
The gnoll is lightly wounded.
You barely miss the gnoll.
The gnoll is lightly wounded.
The gnoll hits you with a +0 club. The gnoll closely misses you.
You slash the gnoll!
You kill the gnoll!
You feel your dexterity returning.
You start resting.
HP restored.
You see here a +0 club.
A gnoll bouda and 3 gnolls come into view.
The gnoll bouda shouts!
The gnoll shouts! x2; You hear a shout!
A gnoll comes into view. It is wielding a +0 halberd.
The gnoll bouda moves out of view.
Found a scroll of identify.
The gnoll hits you from afar with a +0 halberd.
The gnoll hits you with a +0 spear. The gnoll hits you with a +0 spear!
You barely miss the gnoll. You closely miss the gnoll.
The gnoll hits you but does no damage. The gnoll barely misses you. x2
The gnoll hits you but does no damage.
You completely miss the gnoll. You hit the gnoll.
The gnoll hits you with a +0 spear. The gnoll barely misses you.
The gnoll hits you from afar with a +0 spear.
The gnoll hits you but does no damage.
The gnoll hits you from afar with a +0 halberd.
You die...

####### #<#.%.#
#### #.#.#.#
..... #...#.#
.....
#####.###......
###)..#......
#............
#.###@#.$....
#.#.gg# ..... #


#ggg. ..## ?...... ... #.##....# ## #. ..#### # #. #. You could see a gnoll
bouda and 4 gnolls.

Vanquished Creatures
  A gnoll (D:4)
  An adder (D:3)
  A worm (D:2)
  2 dart slugs
  6 orcs (D:3)
  6 bats
  3 endoplasms
  2 giant cockroaches
  4 hobgoblins
  3 jackals (D:3)
  6 kobolds
  3 quokkas (D:3)
  6 ball pythons
  A frilled lizard (D:2)
  4 goblins
  A jackal zombie (D:3)
  9 rats
59 creatures vanquished.

Vanquished Creatures (others)
  3 fungi (D:3)
3 creatures vanquished.

Grand Total: 62 creatures vanquished

Notes
Turn   | Place    | Note
-------+----------+-------------------------------------------
     0 | D:1      | qw the Gargoyle Fighter began the quest for the Orb.
     0 | D:1      | Reached XP level 1. HP: 14/14 MP: 1/1
     0 | D:1      | 0 ||| qw: Version: 0.2-a-17-g06abaee
     0 | D:1      | 0 ||| qw: Game counter: 2366
     0 | D:1      | 0 ||| qw: Always use a shield: true
     0 | D:1      | 0 ||| qw: God list: Okawaru
     0 | D:1      | 0 ||| qw: Allow faded altars: false
     0 | D:1      | 0 ||| qw: Do Orc after D:15 true
     0 | D:1      | 0 ||| qw: Do second Lair branch before Depths: true
     0 | D:1      | 0 ||| qw: Lair rune preference: random
     0 | D:1      | 0 ||| qw: Plans: Normal, Zot:1-4, God:TSO, Crypt, Tomb,
                  | Pan, Slime:5, Hells, Abyss, Orb
     0 | D:1      | 0 ||| PLANNING D:1-11
    41 | D:1      | Reached skill level 2 in Axes
   299 | D:1      | Reached XP level 2. HP: 19/19 MP: 2/2
   636 | D:1      | Reached skill level 3 in Axes
   654 | D:1      | 654 ||| DROPPING +0 whip.
   655 | D:1      | 655 ||| UPGRADING to +0 pair of boots.
   660 | D:1      | 660 ||| UPGRADING to ring of positive energy.
   661 | D:1      | 661 ||| READING scroll labelled QISE BADIU.
   662 | D:1      | 662 ||| READING scroll labelled SYONWUUS TEQAI.
   693 | D:2      | Found a broken altar of Ashenzari.
   702 | D:2      | Reached XP level 3. HP: 22/23 MP: 3/3
   775 | D:2      | Identified the +7 mace "Zaxkoz" {flame, rElec rF+ Str-5}
  1328 | D:2      | 1328 ||| READING 2 scrolls labelled JAIHI KE ASKUN.
  1329 | D:2      | 1329 ||| READING scroll labelled NULLIUGOUDGH.
  1330 | D:2      | 1330 ||| DRINKING 2 metallic blue potions.
  1331 | D:2      | 1331 ||| DROPPING potion of degeneration.
  1386 | D:3      | 1386 ||| STAIRDANCE
  1701 | D:3      | Found a faded altar of an unknown god.
  1779 | D:3      | Reached XP level 4. HP: 28/28 MP: 4/4
  1816 | D:3      | Found a runed translucent door.
  1816 | D:3      | Noticed a human
  1820 | D:3      | Found a basalt altar of Yredelemnul.
  1932 | D:3      | Found a burning altar of Makhleb.
  1944 | D:3      | Reached skill level 4 in Axes
  1962 | D:3      | 1962 ||| FLEEEEING.
  1964 | D:3      | 1964 ||| FLEEEEING.
  1965 | D:3      | 1965 ||| FLEEEEING.
  1966 | D:3      | 1966 ||| FLEEEEING.
  1967 | D:3      | 1967 ||| FLEEEEING.
  1968 | D:3      | 1968 ||| FLEEEEING.
  1969 | D:3      | 1969 ||| FLEEEEING.
  1970 | D:3      | 1970 ||| FLEEEEING.
  1971 | D:3      | 1971 ||| FLEEEEING.
  1972 | D:3      | 1972 ||| FLEEEEING.
  1973 | D:3      | 1973 ||| FLEEEEING.
  1974 | D:3      | 1974 ||| FLEEEEING.
  1975 | D:3      | 1975 ||| FLEEEEING.
  1976 | D:3      | 1976 ||| FLEEEEING.
  1977 | D:3      | 1977 ||| FLEEEEING.
  2088 | D:3      | 2088 ||| Invisible monster not found???
  2327 | D:3      | 2327 ||| READING scroll labelled SILEAC VEFUJI.
  2328 | D:3      | 2328 ||| READING scroll labelled XIVVIU DY WOOP.
  2329 | D:3      | 2329 ||| DRINKING 2 pink potions.
  2403 | D:4      | HP: 7/28 [gnoll/+0 spear[a gnoll bouda] (6)]
  2403 | D:4      | HP: 3/28 [gnoll/+0 spear[a gnoll bouda] (4)]
  2403 | D:4      | Slain by a gnoll

Levels and vault maps discovered:
D:1:      heliophobic_arrival_henge, layout_basic, minmay_pentomino_r4
D:2:      layout_basic, basic_altar
D:3:      layout_loops_cross, dk_yredelemnul_ordeal,
          mainiacjoe_overflow_brackets, shapermc_ecumenical_altar_ellora
D:4:      layout_basic, minmay_fountain_box, nicolae_shop_gadgets, uniq_ijyb

Skill      XL: |  1  2  3  4 |
---------------+-------------+-----
Axes           | 2 3 4 |  4.2
Fighting       | |  3.2
Armour         | |  3.2
Shields        | |  3.2

Action                   |  1- 3 |  4- 6 || total
-------------------------+-------+-------++-------
Melee: War axe           |   135 |    37 ||   172
Throw: Boomerang         |     1 |     9 ||    10
  Use: Scroll            |     4 |     2 ||     6
       Potion            |     1 |     1 ||     2
Armor: Scale mail        |    74 |    19 ||    93
Dodge: Dodged            |    61 |    18 ||    79
Block: Buckler           |    25 |     1 ||    26

Table legend:
 A = Non-vault XP
 B = Vault XP
 C = Vault XP percentage of total XP
 D = Non-vault monster count
 E = Vault monster count
 F = Vault count percentage of total count
                 A         B        C        D         E       F
            +---------+---------+-------+---------+---------+-------
      Total |     125 |       5 |   3.8 |      54 |       5 |   8.5
            +---------+---------+-------+---------+---------+-------
        D:1 |      28 |       4 |  12.5 |      17 |       4 |  19.0
        D:2 |      23 |       0 |   0.0 |      14 |       0 |   0.0
        D:3 |      56 |       1 |   1.8 |      20 |       1 |   4.8
        D:4 |      18 |       0 |   0.0 |       3 |       0 |   0.0
            +---------+---------+-------+---------+---------+-------
